 Dungeon Sprint DCSS version 0.17-a0-1248-g117de50 (webtiles) character file.

1811 Kidiri the Unseen (level 8, -20/66 HPs)
             Began as a Spriggan Assassin on June 5, 2015.
             Demolished by a polar bear (23 damage)
             ... in the Dungeon (Sprint II: "The Violet Keep of Menkaure").
             The game lasted 00:11:39 (833 turns).

Kidiri the Unseen (Spriggan Assassin)                Turns: 833, Time: 00:11:39

Health: -20/66     AC:  4    Str: 12    XL:     8   Next: 84%
Magic:  9/9        EV: 35    Int: 13    God:
Gold:   180        SH:  0    Dex: 28    Spells: 0 memorised, 7 levels left

rFire  + . .     SeeInvis +     a - +2 dagger
rCold  . . .     Clarity  .     n - +1 robe of the Tick {Dex+6}
rNeg   + + .     SustAt   .     (shield restricted)
rPois  .         Gourm    .     (helmet restricted)
rElec  .         Spirit   .     d - +0 cloak
rCorr  .         Warding  .     (gloves unavailable)
rMut   .         NoTele   +     (boots unavailable)
MR     +....                    (no amulet)
Stlth  ..........               (no ring)
                                o - ring of Greater Demons {rF+ rN++ Dex+3 SInv Stlth-}

@: berserking, very quick, somewhat resistant to hostile enchantments, extremely
unstealthy
A: unfitting armour, see invisible, herbivore 3, speed 3, slow metabolism 2
a: no special abilities


You were in the Dungeon.
You were not hungry.

You visited 1 branch You collected 972 gold pieces.
You spent 792 gold pieces at shops.

Inventory:

Hand weapons
 a - a +2 dagger (weapon)
 b - a +0 blowgun
Missiles
 e - a poisoned needle
Armour
 c - a +0 robe
 d - a +0 cloak (worn)
 n - the +1 robe of the Tick (worn) {Dex+6}
   (You bought it in a shop in the Dungeon)

   It affects your dexterity (+6).
Jewellery
 o - the ring of Greater Demons (left hand) {rF+ rN++ Dex+3 SInv Stlth-}
   (You bought it in a shop in the Dungeon)

   [ring of see invisible]

   It affects your dexterity (+3).
   It protects you from fire.
   It greatly protects you from negative energy.
   It lets you see invisible.
   It makes you less stealthy.
Scrolls
 m - a scroll of blinking
Potions
 j - a potion of haste
 k - 2 potions of magic
Comestibles
 g - a bread ration


   Skills:
 + Level 6.0 Fighting
 * Level 11.1 Short Blades
 + Level 7.9 Throwing
 * Level 13.7 Dodging
 * Level 15.6 Stealth


You had 7 spell levels left.
You didn't know any spells.

Dungeon Overview and Level Annotations

Branches:
Dungeon (1/1)

Altars:
Cheibriados
Dithmenos
Elyvilon
Fedhas
Gozag
Kikubaaqudgha
Makhleb
Nemelex Xobeh
Okawaru
Qazlal
Ru
Sif Muna
Trog
Vehumet
Yredelemnul
Zin
The Shining One
Beogh
Jiyva
Lugonu

Shops:
D }:!*(:%!?}=[[[!=

Annotations:
D exclusion: oklob plant


Innate Abilities, Weirdness & Mutations

You are tiny and cannot use many weapons and most armour.
You have supernaturally acute eyesight.
You are a herbivore.
You cover ground extremely quickly.
You need consume almost no food.


Message History

You puncture the polar bear!
The polar bear is heavily wounded.
You hit the polar bear.
The polar bear is severely wounded.
The polar bear bites you but does no damage.
The polar bear misses you. x2
You hit the polar bear.
The polar bear is severely wounded.
You closely miss the polar bear.
The polar bear is severely wounded.
You barely miss the polar bear.
The polar bear is severely wounded.
The polar bear goes berserk!
You barely miss the polar bear.
The polar bear is severely wounded.
The polar bear looks more healthy.
You hit the polar bear.
The polar bear is almost dead.
The polar bear bites you!!
You die...

§≈≈ #+++## .....# '##..#
#. k .###.#### +.##.
##.#....# ...####
#.####..## #..##$#
'###.##..# +..#..#
.##..##..# #..#@h#
<.+.##'..####..##)#
.##.#.#....###...##▓▓▓
'###.##..§...≈≈≈≈≈≈c≈≈≈≈
#.####≈§.§...≈#+########
#..#≈≈≈≈≈≈≈.§≈#..._._._#
#.##≈≈≈§≈≈≈≈.≈#.._._._.#
+##≈≈≈≈≈≈≈≈≈≈≈#._._._._#
≈≈≈≈≈≈≈≈≈≈≈≈≈≈#_._._._.#


You could see a polar bear (berserk).

Vanquished Creatures
  A yaktaur (D)
  2 polar bears (D)
  2 boulder beetles (D)
  Menkaure (D)
  2 hippogriffs (D)
  A wasp (D)
  4 brain worms (D)
  A crocodile (D)
  A scorpion (D)
  3 worms (D)
18 creatures vanquished.

Notes
Turn   | Place    | Note
--------------------------------------------------------------
     0 | D        | Kidiri the Spriggan Assassin began the quest for the Orb.
     0 | D        | Reached XP level 1. HP: 10/10 MP: 2/2
     1 | D        | Noticed a boulder beetle
     1 | D        | Noticed a boulder beetle
     7 | D        | Noticed a brain worm
     7 | D        | Noticed a brain worm
     7 | D        | Noticed a brain worm
     7 | D        | Noticed a brain worm
    14 | D        | Reached skill level 6 in Stealth
    18 | D        | Reached XP level 2. HP: 13/15 MP: 3/3
    63 | D        | Noticed a hippogriff
    63 | D        | Noticed a hippogriff
    66 | D        | Killed a hippogriff
    66 | D        | Reached skill level 5 in Short Blades
    66 | D        | Reached skill level 7 in Dodging
    66 | D        | Reached skill level 9 in Stealth
    66 | D        | Reached XP level 3. HP: 18/20 MP: 4/4
    66 | D        | Reached XP level 4. HP: 21/24 MP: 5/5
    69 | D        | Killed a hippogriff
    69 | D        | Reached skill level 5 in Throwing
    69 | D        | Reached skill level 11 in Stealth
    69 | D        | Reached XP level 5. HP: 24/29 MP: 6/6
   130 | D        | Killed a brain worm
   130 | D        | Reached XP level 6. HP: 33/33 MP: 7/7
   132 | D        | Killed a brain worm
   132 | D        | Reached skill level 10 in Dodging
   132 | D        | Reached skill level 12 in Stealth
   133 | D        | Killed a brain worm
   148 | D        | Killed a brain worm
   226 | D        | Killed a boulder beetle
   226 | D        | Reached skill level 13 in Stealth
   226 | D        | Reached XP level 7. HP: 36/38 MP: 8/8
   264 | D        | Killed a boulder beetle
   264 | D        | Reached skill level 5 in Fighting
   326 | D        | Noticed an electric eel
   326 | D        | Noticed an electric eel
   326 | D        | Noticed an electric eel
   339 | D        | Noticed an orange crystal statue
   341 | D        | Noticed Menkaure
   343 | D        | Killed Menkaure
   343 | D        | Reached skill level 14 in Stealth
   358 | D        | Noticed a crocodile
   371 | D        | Killed a crocodile
   371 | D        | Reached skill level 10 in Short Blades
   371 | D        | Reached XP level 8. HP: 43/43 MP: 9/9
   385 | D        | Noticed an electric eel
   390 | D        | Noticed an electric eel
   390 | D        | Noticed an electric eel
   391 | D        | Noticed an electric eel
   391 | D        | Noticed an electric eel
   391 | D        | Noticed an electric eel
   395 | D        | Found Uwnamul's Jewellery Shop.
   396 | D        | Found Xotulej's Antique Armour Shop.
   396 | D        | Found Nineasof's Antique Armour Boutique.
   396 | D        | Found Roreby's Distillery.
   397 | D        | Found Zieh's Gadget Boutique.
   397 | D        | Found Ecyrch's Magic Scroll Shop.
   398 | D        | Noticed a scorpion
   400 | D        | Killed a scorpion
   404 | D        | Found Neihah's Jewellery Shop.
   404 | D        | Found Jemascham's Food Boutique.
   404 | D        | Found Xyoraim's Antique Armour Shop.
   404 | D        | Found Hataqi's Book Boutique.
   405 | D        | Found Bojod's Distillery.
   407 | D        | Found Capram's Antique Weapon Shop.
   410 | D        | Found Bopomp Xovoxt's General Store.
   410 | D        | Found Xetijog's Distillery.
   410 | D        | Noticed a death yak
   410 | D        | Noticed an oklob plant
   411 | D        | Found Levirofu's Book Shoppe.
   411 | D        | Found Ihicliaf's Gadget Boutique.
   412 | D        | Noticed a black bear
   414 | D        | Noticed a black bear
   414 | D        | Noticed a black bear
   416 | D        | Noticed a redback
   417 | D        | Noticed a redback
   431 | D        | Bought a slimy robe for 171 gold pieces
   441 | D        | Identified the +1 robe of the Tick {Dex+6} (You bought it in a shop in the Dungeon)
   470 | D        | Bought the ring of Greater Demons {rF+ rN++ Dex+3 SInv Stlth-} for 621 gold pieces
   501 | D        | Found a radiant altar of Vehumet.
   502 | D        | Found a sparkling altar of Nemelex Xobeh.
   502 | D        | Found a corrupted altar of Lugonu.
   503 | D        | Found a snail-covered altar of Cheibriados.
   503 | D        | Found a shadowy altar of Dithmenos.
   504 | D        | Found a sacrificial altar of Ru.
   504 | D        | Found a glowing golden altar of the Shining One.
   504 | D        | Found an opulent altar of Gozag.
   504 | D        | Found a basalt altar of Yredelemnul.
   504 | D        | Found a blossoming altar of Fedhas.
   505 | D        | Found a stormy altar of Qazlal.
   505 | D        | Found a glowing silver altar of Zin.
   505 | D        | Found a roughly hewn altar of Beogh.
   506 | D        | Found a deep blue altar of Sif Muna.
   506 | D        | Found a white marble altar of Elyvilon.
   506 | D        | Found a viscous altar of Jiyva.
   507 | D        | Found a burning altar of Makhleb.
   507 | D        | Found an ancient bone altar of Kikubaaqudgha.
   508 | D        | Found an iron altar of Okawaru.
   508 | D        | Found a bloodstained altar of Trog.
   509 | D        | Noticed a yaktaur
   509 | D        | Noticed a wasp
   509 | D        | Noticed a polar bear
   510 | D        | Noticed a polar bear
   510 | D        | Noticed a polar bear
   544 | D        | Killed a polar bear
   792 | D        | Noticed a swamp drake
   796 | D        | Killed a polar bear
   796 | D        | Reached skill level 15 in Stealth
   798 | D        | Killed a wasp
   826 | D        | Killed a yaktaur
   826 | D        | HP: 3/66 [polar bear (1)]
   833 | D        | Demolished by a polar bear

Vault maps used:
D:        the_violet_keep_of_menkaure

Action                   |  1- 3 |  4- 6 |  7- 9 || total
-------------------------+-------+-------+-------++-------
Melee: Dagger            |     4 |    25 |    59 ||    88
 Fire: Blowgun           |       |     7 |    29 ||    36
  Use: Potion            |       |       |     3 ||     3
 Stab: Sleeping          |     4 |     4 |     2 ||    10
       Distracted        |       |       |     2 ||     2
       Fleeing           |       |       |     1 ||     1
